 Dungeon Crawl Stone Soup version 0.21.1-1-g345015fe64 (webtiles) character file.

17042 Kisielow the Nimble (level 12, -1/97 HPs)
             Began as a Merfolk Transmuter on Mar 4, 2018.
             Was a High Priest of Okawaru.
             Slain by a water moccasin (8 damage)
             ... on level 1 of the Lair of Beasts on Mar 5, 2018.
             The game lasted 00:50:10 (16490 turns).

Kisielow the Nimble (Merfolk Transmuter)           Turns: 16490, Time: 00:50:11

Health: -1/97      AC:  2    Str: 10    XL:     12   Next: 43%
Magic:  15/17      EV: 35    Int: 17    God:    Okawaru [*****.]
Gold:   909        SH:  0    Dex: 22    Spells: 3/15 levels left

rFire    x . .     SeeInvis .     - Unarmed
rCold    + . .     Gourm    .   (shield currently unavailable)
rNeg     . . .     Faith    .   (armour currently unavailable)
rPois    .         Spirit   .   (helmet currently unavailable)
rElec    .         Reflect  .   (cloak currently unavailable)
rCorr    .         Harm     .   (gloves currently unavailable)
MR       .....                  (boots currently unavailable)
Stlth    +.........             E - amulet of regeneration
HPRegen  0.66/turn              F - ring of poison resistance
MPRegen  0.15/turn              J - ring of ice

@: spider-form, hasted, quick
A: tiny, (change form in water), (swift swim), (stealthy swim), thin skeletal
structure 1
a: End Transformation, Heroism, Finesse, Renounce Religion


You were on level 1 of the Lair of Beasts.
You worshipped Okawaru.
Okawaru was extremely pleased with you.
You were very hungry.
You were a venomous arachnid creature.
You visited 3 branches of the dungeon, and saw 13 of its levels.

You collected 909 gold pieces.

Inventory:

Missiles
 a - 219 arrows
Armour
 b - a +2 pair of boots of stealth (melded)
 l - a +2 helmet (melded)
 o - a +0 cloak (melded)
 t - a +2 robe of cold resistance
 C - the +1 ring mail "Titek" {rC+ Str+7}
   (You found it on level 8 of the Dungeon)

   It affects your strength (+7).
   It protects you from cold.
 I - a +2 robe of fire resistance
 M - a +2 robe of positive energy (melded)
Jewellery
 e - an uncursed amulet of magic regeneration
 v - an uncursed ring of stealth
 y - an uncursed amulet of the gourmand
 E - an amulet of regeneration (around neck)
 F - a ring of poison resistance (left front leg)
 H - an uncursed amulet of rage {unknown}
 J - a ring of ice (right front leg)
 N - an uncursed ring of magical power {unknown}
Wands
 g - a wand of flame (37)
 j - a wand of random effects (42)
 m - a wand of paralysis (10)
 s - a wand of polymorph (4)
 x - a wand of enslavement (23)
 D - a wand of disintegration (14)
Scrolls
 f - 6 scrolls of teleportation
 i - a scroll of magic mapping
 k - 4 scrolls of fog
 r - a scroll of blinking
 u - a scroll of fear
 w - 3 scrolls of enchant armour
 A - 3 scrolls of remove curse
 B - 2 scrolls of enchant weapon
Potions
 n - 2 potions of ambrosia
 p - 2 potions of agility
 z - 2 potions of cancellation
 K - a potion of brilliance {unknown}
Books
 c - a book of Changes

   Spells                             Type                      Level
   a - Beastly Appendage              Transmutation                1
   b - Sticks to Snakes               Transmutation                2
   c - Spider Form                    Transmutation/Poison         3
   d - Ice Form                       Ice/Transmutation            4
   e - Blade Hands                    Transmutation                5
 h - a book of Cantrips

   Spells                             Type                      Level
   a - Confusing Touch                Hexes                        1
   b - Animate Skeleton               Necromancy                   1
   c - Summon Small Mammal            Summoning                    1
   d - Apportation                    Translocation                1
 q - a book of Flames

   Spells                             Type                      Level
   a - Flame Tongue                   Conjuration/Fire             1
   b - Throw Flame                    Conjuration/Fire             2
   c - Conjure Flame                  Conjuration/Fire             3
   d - Inner Flame                    Hexes/Fire                   3
   e - Sticky Flame                   Conjuration/Fire             4
   f - Fireball                       Conjuration/Fire             5
Comestibles
 d - 14 rations


   Skills:
 + Level 9.8 Fighting
 + Level 13.7 Dodging
 + Level 11.2 Unarmed Combat
 - Level 2.0 Spellcasting
 + Level 8.9 Transmutations
 - Level 5.0 Invocations
 - Level 7.0 Evocations


You had 3 spell levels left.
You knew the following spells:

 Your Spells              Type           Power        Failure   Level  Hunger
e - Blade Hands           Tmut           ####......   30%         5    ######.
q - Spider Form           Tmut/Pois      ###.......   22%         3    ###....
w - Ice Form              Ice/Tmut       ####....     52%         4    #####..


Dungeon Overview and Level Annotations

Branches:
Dungeon (11/15)            Temple (1/1) D:7            Lair (1/6) D:11
    Orc (0/2) D:10

Altars:
Ashenzari
Cheibriados
Dithmenos
Elyvilon
Fedhas
Gozag
Hepliaklqana
Kikubaaqudgha
Makhleb
Nemelex Xobeh
Okawaru
Qazlal
Ru
Sif Muna
Trog
Uskayaw
Vehumet
Wu Jian
Xom
Yredelemnul
Zin
The Shining One

Shops:
D:11 *


Innate Abilities, Weirdness & Mutations

((You revert to your normal form in water.))
((You are very nimble and swift while swimming.))
((You are very stealthy in the water. (Stealth+)))
((You are partially covered in large bone plates. (SH +4)))
You have a somewhat thin skeletal structure. (Dex +2, Stealth)


Message History

* * * LOW HITPOINT WARNING * * *
The water moccasin misses you.
You hit the water moccasin.
The water moccasin is poisoned.
The water moccasin is lightly wounded.
The water moccasin bites you.
* * * LOW HITPOINT WARNING * * *
You feel better.
You enter the shallow water.
Moving in this stuff is going to be slow.
The water moccasin bites you.
* * * LOW HITPOINT WARNING * * *
The water moccasin misses you.
You cannot enter water in your current form.
The water moccasin completely misses you.
You cannot enter water in your current form.
You cannot enter water in your current form.
You cannot enter water in your current form.
The water moccasin completely misses you.
The water moccasin bites you!
You die...

#.# #.#####.# #####
... #.####..# .
..#####.≈..##.# #
#.......≈≈≈≈.#.# #
##.##.≈≈≈≈≈≈≈..#
#.#...≈≈≈≈≈≈..#######.
....>.≈≈≈≈≈..........
#...≈≈≈≈≈≈..#####.#.
#.≈≈≈≈≈≈s..#
##≈≈≈≈≈≈S...#
#≈.≈≈≈≈≈....#
##≈.≈≈≈.....#
.####...$....#
..###........#.
................
.......†.#####.#
.........P# .P#


You could see a water moccasin.

Vanquished Creatures
  Josephine (D:11)
  Fannar (D:11)
  A hydra (Lair:1)
  Erica (D:11)
  4 two-headed ogres
  A tengu warrior (D:9)
  Urug (D:11)
  An ugly thing (D:11)
  Maurice (D:8)
  Psyche (D:11)
  A kobold demonologist (D:9)
  3 trolls
  Grinder (D:3)
  3 blink frogs (Lair:1)
  A meliai zombie (D:11)
  4 hippogriffs
  4 wraiths
  3 yaks (Lair:1)
  Grum (Lair:1)
  Menkaure (D:6)
  Edmund (D:5)
  A water moccasin (Lair:1)
  A porcupine (Lair:1)
  4 orc warriors
  2 ice beasts
  4 ogres
  3 sky beasts
  A necrophage (D:8)
  3 phantoms
  3 wolves (Lair:1)
  3 crocodiles (Lair:1)
  A centaur (D:7)
  5 bullfrogs
  2 big kobolds (D:8)
  4 scorpions
  9 killer bees
  2 troll zombies (D:10)
  5 wights (D:11)
  4 howler monkeys
  8 crimson imps
  2 bullfrog zombies
  2 quasits
  2 centaur zombies
  5 hounds
  A jelly (D:6)
  Crazy Yiuf (D:5)
  6 orc priests
  A bullfrog skeleton (D:4)
  3 centaur skeletons
  5 orc wizards
  Jessica (D:3)
  6 worker ants
  Natasha (thrice) (D:2)
  3 iguanas
  5 ogre zombies (D:10)
  3 hound skeletons
  A howler monkey zombie (D:8)
  Robin (D:3)
  7 gnolls
  A howler monkey skeleton (D:9)
  6 adders
  2 shadow imps
  2 adder skeletons
  An adder zombie (D:7)
  2 worms (D:3)
  4 dart slugs
  3 leopard geckos
  32 orcs
  3 ball pythons
  6 bats
  3 giant cockroaches
  20 hobgoblins
  33 jackals
  3 quokkas
  A ball python zombie (D:6)
  6 frilled lizards
  13 goblins
  2 goblin skeletons (D:10)
  3 goblin zombies (D:10)
  3 hobgoblin skeletons (D:10)
  A jackal zombie (D:5)
  20 kobolds
  A leopard gecko skeleton (D:4)
  A leopard gecko zombie (D:8)
  2 orc skeletons (D:10)
  14 orc zombies (D:10)
  2 quokka zombies
  3 rats
352 creatures vanquished.

Vanquished Creatures (others)
  An orc (D:9)
  A kobold (D:9)
  A fungus (Lair:1)
3 creatures vanquished.

Grand Total: 355 creatures vanquished

Notes
Turn   | Place    | Note
-------+----------+-------------------------------------------
     0 | D:1      | Kisielow the Merfolk Transmuter began the quest for the Orb.
     0 | D:1      | Reached XP level 1. HP: 15/15 MP: 3/3
   193 | D:1      | Reached XP level 2. HP: 14/21 MP: 3/5
   489 | D:1      | Reached XP level 3. HP: 7/26 MP: 4/6
   824 | D:1      | Learned a level 3 spell: Spider Form
  1782 | D:2      | Reached XP level 4. HP: 27/32 MP: 4/7
  1836 | D:2      | Noticed Natasha
  1842 | D:2      | Killed Natasha
  1896 | D:2      | Noticed Natasha
  1906 | D:2      | Killed Natasha
  1906 | D:2      | Reached skill level 5 in Transmutations
  2064 | D:2      | Noticed Natasha
  2071 | D:2      | Killed Natasha
  2071 | D:2      | Reached XP level 5. HP: 37/37 MP: 4/8
  2294 | D:2      | Reached skill level 3 in Dodging
  2441 | D:3      | Noticed Grinder
  2476 | D:2      | Gained mutation: You are partially covered in large bone plates. (SH +4) [potion of mutation]
  2476 | D:2      | Gained mutation: You have a somewhat thin skeletal structure. (Dex +2, Stealth) [potion of mutation]
  2496 | D:3      | Killed Grinder
  2496 | D:3      | Reached skill level 5 in Unarmed Combat
  2496 | D:3      | Reached XP level 6. HP: 44/46 MP: 2/9
  2498 | D:3      | Reached skill level 4 in Dodging
  2722 | D:3      | Noticed Jessica
  2738 | D:3      | Killed Jessica
  2869 | D:3      | Noticed Robin
  2898 | D:3      | Killed Robin
  3585 | D:4      | Noticed a phantom
  3585 | D:4      | Reached XP level 7. HP: 51/51 MP: 7/10
  3605 | D:4      | Reached skill level 5 in Dodging
  3832 | D:4      | Reached skill level 6 in Dodging
  4682 | D:4      | Reached XP level 8. HP: 60/60 MP: 7/11
  5019 | D:5      | Entered Level 5 of the Dungeon
  5057 | D:5      | Reached skill level 7 in Dodging
  5653 | D:5      | Found a runed door.
  5724 | D:5      | Reached skill level 8 in Dodging
  5974 | D:5      | Noticed Crazy Yiuf
  5985 | D:5      | Killed Crazy Yiuf
  6091 | D:6      | Noticed Menkaure
  6094 | D:6      | Noticed Edmund
  6124 | D:5      | Killed Edmund
  6124 | D:5      | Reached skill level 5 in Fighting
  6371 | D:6      | Killed Menkaure
  6556 | D:6      | Found a shattered altar of Ashenzari.
  6656 | D:6      | Reached skill level 9 in Dodging
  7026 | D:6      | Reached XP level 9. HP: 56/68 MP: 8/12
  7558 | D:7      | Found a staircase to the Ecumenical Temple.
  7597 | Temple   | Entered the Ecumenical Temple
  7782 | Temple   | Became a worshipper of Warmaster Okawaru
  8777 | D:7      | Reached skill level 10 in Dodging
  9004 | D:7      | HP: 2/69 [orc/hand axe (2)]
  9435 | D:8      | Reached * piety under Okawaru
  9637 | D:8      | Noticed a two-headed ogre
  9669 | D:8      | Killed a two-headed ogre
  9669 | D:8      | Reached ** piety under Okawaru
  9669 | D:8      | Reached skill level 11 in Dodging
  9669 | D:8      | Reached XP level 10. HP: 70/79 MP: 5/13
  9751 | D:8      | Noticed Maurice
  9849 | D:8      | Killed Maurice
  9849 | D:8      | Reached skill level 12 in Dodging
  9869 | D:8      | Reached *** piety under Okawaru
 10104 | D:8      | Noticed a two-headed ogre
 10113 | D:8      | Killed a two-headed ogre
 10371 | D:8      | Got a jet-encrusted ring mail
 10382 | D:8      | Identified the cursed +1 ring mail "Titek" {rC+ Str+7} (You found it on level 8 of the Dungeon)
 10708 | D:8      | Reached skill level 10 in Unarmed Combat
 11362 | D:9      | Reached skill level 1 in Invocations
 11412 | D:9      | Noticed a kobold demonologist
 11414 | D:9      | Noticed a soul eater
 11767 | D:9      | Noticed an orange demon
 11767 | D:9      | Killed a kobold demonologist
 11767 | D:9      | Reached skill level 1 in Evocations
 11873 | D:9      | Found a glowing golden altar of the Shining One.
 11906 | D:9      | Found a hazy altar of Hepliaklqana.
 11990 | D:10     | Entered Level 10 of the Dungeon
 12025 | D:10     | Noticed a two-headed ogre
 12036 | D:10     | Killed a two-headed ogre
 12036 | D:10     | Reached **** piety under Okawaru
 12036 | D:10     | Reached XP level 11. HP: 75/87 MP: 11/14
 12227 | D:10     | Noticed a tengu warrior
 12269 | D:9      | Killed a tengu warrior
 12512 | D:10     | HP: 4/87 [disintegration (16)]
 13159 | D:10     | Found a staircase to the Orcish Mines.
 13488 | D:10     | Reached ***** piety under Okawaru
 14135 | D:10     | Learned a level 4 spell: Ice Form
 14141 | D:10     | Learned a level 5 spell: Blade Hands
 14150 | D:11     | Found Jomaet's General Store.
 14220 | D:11     | Noticed Erica
 14234 | D:11     | Killed Erica
 14234 | D:11     | Reached skill level 13 in Dodging
 14304 | D:11     | Noticed Fannar
 14342 | D:11     | Noticed Urug
 14357 | D:11     | Killed Fannar
 14357 | D:11     | Received a gift from Okawaru
 14363 | D:11     | Killed Urug
 14363 | D:11     | Reached skill level 5 in Invocations
 14694 | D:11     | Found a staircase to the Lair.
 14776 | D:11     | Noticed a cyan ugly thing
 14785 | D:11     | Killed a cyan ugly thing
 14806 | D:11     | Noticed Psyche
 14820 | D:11     | Killed Psyche
 14820 | D:11     | Reached skill level 5 in Evocations
 15085 | D:11     | Noticed Josephine
 15109 | D:11     | Killed Josephine
 15109 | D:11     | Received a gift from Okawaru
 15109 | D:11     | Reached XP level 12. HP: 85/95 MP: 9/16
 15369 | D:11     | Noticed a two-headed ogre
 15377 | D:11     | Killed a two-headed ogre
 15879 | Lair:1   | Entered Level 1 of the Lair of Beasts
 16019 | Lair:1   | Noticed Grum
 16042 | Lair:1   | Killed Grum
 16457 | Lair:1   | Noticed a seven-headed hydra
 16482 | Lair:1   | Killed a seven-headed hydra
 16483 | Lair:1   | HP: 2/97 [water moccasin (5)]
 16490 | Lair:1   | Slain by a water moccasin

Skill      XL: |  1  2  3  4  5  6  7  8  9 10 11 12 |
---------------+-------------------------------------+-----
Unarmed Combat | 4 5 6 7 8 10 11 | 11.2
Transmutations | 4 5 6 8 |  8.9
Dodging        | 3 4 6 9 11 12 13 | 13.7
Fighting       | 2 3 5 7 8 9 |  9.8
Invocations    | 2 5 |  5.0
Evocations     | 2 5 7 |  7.0
Spellcasting   | |  2.0

Action                   |  1- 3 |  4- 6 |  7- 9 | 10-12 || total
-------------------------+-------+-------+-------+-------++-------
Melee: Unarmed           |   122 |   151 |   440 |   642 ||  1355
       Headbutt          |     9 |     1 |       |       ||    10
       Punch             |       |       |       |     2 ||     2
 Cast: Beastly Appendage |     9 |     2 |       |       ||    11
       Spider Form       |     2 |    21 |    49 |    64 ||   136
       Ice Form          |       |       |       |     1 ||     1
Invok: Heroism           |       |       |       |     7 ||     7
       Finesse           |       |       |       |     2 ||     2
  Use: Scroll            |       |     9 |     2 |    10 ||    21
       Potion            |       |     3 |     3 |     6 ||    12
 Stab: Sleeping          |     2 |     3 |     5 |     5 ||    15
       Distracted        |       |       |       |     1 ||     1
  Eat: Chunk             |     1 |     8 |    13 |    27 ||    49
       Ration            |     1 |       |     4 |     2 ||     7
Armor: Robe              |    18 |     4 |     8 |     5 ||    35
       Skin              |     4 |     5 |    15 |    15 ||    39
Dodge: Dodged            |   122 |   133 |   483 |   905 ||  1643
Block: Other             |       |     4 |    13 |    13 ||    30
